 Dungeon Crawl Stone Soup version 0.31-a0-1072-g202bf7ea07 (webtiles) character file.

Game seed: 17830999888723617094

169 Baz the Twirler (level 5, -2/41 HPs)
             Began as a Demonspawn Gladiator on Nov 26, 2023.
             Slain by an ogre
             ... wielding a +0 giant club
              (23 damage)
             ... on level 4 of the Dungeon.
             The game lasted 00:04:59 (2035 turns).

Baz the Twirler (Demonspawn Gladiator)              Turns: 2035, Time: 00:05:00

Health: -2/41      AC:  6    Str: 18    XL:     5   Next: 25%
Magic:  5/5        EV: 12    Int: 16    God:
Gold:   77         SH:  0    Dex: 14    Spells: 4/4 levels left

rFire   + . .        a - +0 quarterstaff
rCold   . . .        (shield currently unavailable)
rNeg    . . .        m - +0 leather armour of Dishonour {Str+2}
rPois   .            l - +2 helmet
rElec   .            (no cloak)
rCorr   .            (no gloves)
SInv    .            (no boots)
Will    .....        (no amulet)
Stlth   +            f - +6 ring of intelligence
HPRegen 0.26/turn    i - ring of protection from fire
MPRegen 0.09/turn

%: no passive effects
@: no status effects
A: powered by pain 1
a: no special abilities


You were on level 4 of the Dungeon.
You visited 1 branch of the dungeon, and saw 4 of its levels.

You collected 77 gold pieces.

Inventory:

Hand Weapons
 a - a +0 quarterstaff (weapon)
Missiles
 d - 3 throwing nets (quivered)
 e - a javelin
Armour
 l - a +2 helmet (worn)
 m - the +0 leather armour of Dishonour (worn) {Str+2}
   (You found it on level 2 of the Dungeon)

   Str+2:     It affects your strength (+2).
Jewellery
 f - a +6 ring of intelligence (left hand)
 i - a ring of protection from fire (right hand)
Scrolls
 g - a scroll of teleportation
 j - a scroll of blinking {unknown}
Potions
 b - a potion of lignification
 c - 2 potions of degeneration
 k - 3 potions of curing


   Skills:
 + Level 3.6 Fighting
 + Level 3.7 Staves
 - Level 1.7 Throwing
 + Level 2.4 Armour
 - Level 2.6 Dodging


You had 4 spell levels left.
You didn't know any spells.
Your spell library was empty.

Dungeon Overview and Level Annotations

Branches:
Dungeon (4/15) Zot: 21935
 Temple: D:4-7

Altars:

Shops:
D:1 (*


Innate Abilities, Weirdness & Mutations

You sometimes gain a little power by taking damage.


Message History

There is an entrance to a sewer on this level.
Hurry and find it before the portal rusts away!
The ogre shouts!
There is a stone staircase leading up here.
Okay, then.
As you read the scroll of identify, it crumbles to dust.
c - 2 potions of degeneration
As you read the scroll of identify, it crumbles to dust.
g - a scroll of teleportation A hound comes into view.
The hound barks!
There is a stone staircase leading up here.
You hit the ogre.
The ogre is lightly wounded.
The ogre misses you.
You sock the ogre!
The ogre is moderately wounded.
You barely miss the ogre.
The ogre is moderately wounded.
The ogre hits you with a +0 giant club!!
You hit the ogre but do no damage.
The ogre is moderately wounded.
The hound barely misses you. The ogre barely misses you.
The hound bites you but does no damage.
Unknown command.
You sock the hound!
The hound is heavily wounded.
The hound misses you. The hound bites you.
You miss the hound.
The hound is heavily wounded.
The hound bites you. The hound barely misses you.
You barely miss the hound.
The hound is heavily wounded.
The hound barely misses you.
You hit the ogre.
The ogre is moderately wounded.
You closely miss the ogre.
The ogre is moderately wounded.
The ogre hits you with a +0 giant club!!
Ouch! That really hurt!
You die...

###
##.#.#
... ..#.#
##.##.#.#
#.......#
#.......#
#.....#
#....h#
#.....#O#
####..#@#
##.#.#
....#
.##.# #.
#.# #.#
#.# ..#


You could see an ogre and a hound.

Vanquished Creatures
  Jessica (D:2)
  Natasha (D:3)
  Robin (D:1)
  3 gnolls
  An adder (D:2)
  4 dart slugs
  An orc (D:2)
  3 ball pythons
  2 endoplasms
  A giant cockroach (D:2)
  8 goblins
  9 hobgoblins
  4 jackals (D:1)
  3 quokkas
  4 bats
  3 frilled lizards
  7 kobolds
  2 rats (D:1)
58 creatures vanquished.

Notes
Turn   | Place    | Note
-------+----------+-------------------------------------------
     0 | D:1      | Baz the Demonspawn Gladiator began the quest for the Orb.
     0 | D:1      | Reached XP level 1. HP: 16/16 MP: 1/1
   352 | D:1      | Found Elaxzeen's Assorted Antiques.
   379 | D:1      | Gained mutation: You sometimes gain a little power by
                  | taking damage. [demonic ancestry]
   379 | D:1      | Reached XP level 2. HP: 19/22 MP: 2/2
   502 | D:1      | Reached skill level 1 in Armour
   549 | D:1      | Found Fotoptuv's Antique Weapon Boutique.
   577 | D:1      | Reached XP level 3. HP: 23/28 MP: 3/3
  1039 | D:2      | Noticed Robin
  1100 | D:1      | Killed Robin
  1326 | D:2      | Reached XP level 4. HP: 30/35 MP: 4/4
  1428 | D:2      | Identified the +0 leather armour of Dishonour {Str+2}
  1924 | D:2      | Noticed Jessica
  1934 | D:2      | Killed Jessica
  1973 | D:2      | Reached XP level 5. HP: 40/41 MP: 5/5
  1995 | D:2      | You fall into a shaft and drop 1 floor!
  2002 | D:3      | Noticed Natasha
  2011 | D:3      | Killed Natasha
  2019 | D:4      | Noticed an ogre
  2035 | D:4      | Slain by an ogre

Illustrated notes

Levels and vault maps discovered:
D:1:      sevenhm_arrival_forest_fort_large_4, layout_basic, serial_shops,
          nicolae_shop_overgrown_old_shop, shop, minmay_misc_feat_pillars,
          nicolae_eternal_life
D:2:      layout_loops_ring, uniq_robin, uniq_jessica
D:3:      layout_loops_cross, uniq_natasha, uniq_sigmund, uniq_ijyb
D:4:      wad_lake_hut, layout_basic, overflow_temple_1_default,
          portal_sewer_entry_e, minmay_snake_closets

Skill      XL: |  1  2  3  4 |
---------------+-------------+-----
Staves         | 3 |  3.7
Armour         | 1 2 |  2.4
Fighting       | 3 |  3.6
Throwing       | |  1.7
Dodging        | |  2.6

Action                     |  1- 3 |  4- 6 || total
---------------------------+-------+-------++-------
  Melee: Quarterstaff      |   119 |    67 ||   186
    Use: Scroll            |       |     3 ||     3
         Potion            |       |     1 ||     1
   Stab: Sleeping          |     1 |       ||     1
 Armour: Leather armour    |    90 |    44 ||   134
         Skin              |       |    37 ||    37
  Dodge: Dodged            |    76 |    57 ||   133

Table legend: (Time is in decaauts)
 A = Elapsed time spent in this place.
 B = Non-inter-level travel time spent in this place.
 C = Inter-level travel time spent in this place.
 D = Time resting spent in this place.
 E = Time spent auto-exploring this place.
 F = Levels seen in this place.
 G = Mean time per level.
                   A        B        C        D        E       F      G
               +--------+--------+--------+--------+--------+-----+--------+
         Total |   2063 |   2043 |     20 |    342 |   1026 |   4 |  515.8 |
       Dungeon |   2063 |   2043 |     20 |    342 |   1026 |   4 |  515.8 |
               +--------+--------+--------+--------+--------+-----+--------+

Top non-repeatable levels by time:
     D:1: 1265 daAuts
     D:2: 756 daAuts
     D:3: 24 daAuts
     D:4: 16 daAuts
